Map: Odyssey LE

Players

PadaMave

  • Race: Zerg Zerg
  • League: Master
  • Spawn Location: 5:00

lllllllllllI - Winner!

  • Race: Protoss Protoss
  • League: Master
  • Spawn Location: 11:00

VOD

Have the link to the VOD?

Description

Time

  • Played on: Dec. 24, 2017, 7:32 p.m.
  • Length: 8:27
Show
View Real Time Build Order
Export as new Build Order

PadaMave Zerg 

Build Orders: 3 Hatch before Pool 

Get SALT Encoding   

  12  0:01  Drone  
  13  0:12  Overlord  
  13  0:17  Drone  
  14  0:30  Drone x2  
  14  0:34  Drone  
  17  0:54  Hatchery  
  16  0:57  Drone  
  16  0:59  Drone  
  18  1:14  Extractor  
  18  1:26  Hatchery  
  17  1:34  Extractor, Drone x2  
  18  1:56  Drone x3  
  18  1:57  Spawning Pool  
  20  2:08  Overlord  
  20  2:26  Overlord  
  20  2:44  Spine Crawler  
  20  2:45  Queen  
  20  2:46  Drone  
  22  2:55  Metabolic Boost  
  22  3:06  Hatchery  
  22  3:08  Drone x2  
  22  3:12  Spine Crawler  
  22  3:14  Drone  
  23  3:23  Spine Crawler  
  22  3:34  Spine Crawler  
  22  3:35  Spine Crawler  
  22  3:37  Drone  
  21  3:43  Zergling x4  
  23  3:54  Queen  
  25  3:59  Spine Crawler  
  24  4:09  Drone  
  25  4:11  Drone  
  26  4:30  Zergling x4  
  27  4:45  Spore Crawler, Queen  
  26  4:46  Drone x3  
  30  5:00  Overlord  
  29  5:15  Spore Crawler x2  
  29  5:16  Spore Crawler  
  29  5:21  Queen  
  28  6:03  Zergling x6  
  31  6:04  Queen  
  33  6:20  Drone x3  
  33  6:21  Zergling x4  
  33  6:24  Zergling x2  
  39  6:44  Spine Crawler, Zergling x4  
  39  6:46  Spine Crawler x2  
  38  6:57  Drone x2  
  41  7:01  Drone  
  41  7:09  Zergling x6  
  41  7:11  Overlord  
  41  7:14  Overlord  
  41  7:29  Spine Crawler  
  34  7:31  Spine Crawler  
Show
View Real Time Build Order
Export as new Build Order

lllllllllllI Protoss - Winner!

Build Orders: Cannon Rush 

Get SALT Encoding   

  12  0:00  Probe  
  13  0:13  Probe  
  14  0:23  Pylon  
  14  0:25  Probe  
  15  0:41  Probe (Chrono Boost)  
  15  0:42  Forge  
  16  0:54  Probe (Chrono Boost)  
  17  0:58  Pylon  
  17  1:00  Probe (Chrono Boost)  
  18  1:12  Pylon x2  
  18  1:14  Pylon  
  18  1:33  Photon Cannon  
  18  1:37  Pylon  
  18  1:44  Probe (Chrono Boost)  
  19  1:55  Probe (Chrono Boost)  
  19  1:58  Photon Cannon  
  19  1:59  Photon Cannon  
  19  2:06  Photon Cannon  
  19  2:11  Probe (Chrono Boost)  
  20  2:17  Assimilator  
  20  2:20  Assimilator  
  20  2:24  Probe (Chrono Boost)  
  21  2:30  Gateway  
  21  2:39  Pylon  
  21  2:45  Probe  
  22  2:57  Probe  
  23  3:02  Photon Cannon  
  23  3:13  Pylon  
  23  3:21  Cybernetics Core  
  23  3:23  Pylon  
  23  3:32  Probe (Chrono Boost)  
  24  3:43  Probe (Chrono Boost)  
  24  3:48  Probe (Chrono Boost)  
  25  3:51  Photon Cannon  
  25  3:52  Photon Cannon  
  26  4:07  Photon Cannon  
  26  4:12  Photon Cannon  
  26  4:18  Pylon  
  26  4:28  Photon Cannon  
  26  4:37  Stargate  
  26  4:47  Stargate  
  26  4:55  Shield Battery  
  26  4:58  Shield Battery  
  26  5:04  Pylon  
  26  5:18  Void Ray (Chrono Boost)  
  30  5:36  Void Ray (Chrono Boost)  
  38  6:02  Void Ray (Chrono Boost)  
  38  6:18  Void Ray (Chrono Boost)  
  42  6:31  Nexus  
  42  6:39  Pylon  
  42  6:55  Void Ray  
  46  7:11  Void Ray  
Tags
 
Add a new tag
Caveats
  • Supply blocks, unpowered buildings, or Contaminate may cause inaccurate times.
  • Supply counts are checked every 10 seconds.